AoeStats
← Cuervo

African Clearing

504917044Analyzed
4v4 RM · 25d ago on Sep 7, 2026· 52m 16s· 8 players
Game mode
Random Map
Map size
Large (8 player)
Population
200
Speed
Normal
Resources
Standard
Victory
Conquest
Starting age
Dark Age
Ending age
Imperial Age
RankedLock teamsTeams togetherTeam positionsShared explorationLock speedFull tech treeHidden civsTurbo modeCheats
Victory
Defeat
🇦🇷 Lithuanians · Argentina
1123
+14
🇨🇱 Muisca · Chile
1093
+16
🇦🇷 Byzantines · Argentina
1024
+18
🇦🇷 Mongols · Argentina
990
+20
🇬🇪 Armenians · Georgia
1113
-18
🇺🇸 Romans · United States
1106
-18
🇺🇸 Persians · United States
1069
-17
🇨🇦 Vietnamese · Canada
1040
-15
Darth MBAG
6:29 Loom
12:54 Feudal Age
13:15 Man-at-Arms
23:57 Town Watch
28:46 Castle Age
26:48 Double-Bit Axe
26:48 Horse Collar
28:05 Gold Mining
28:06 Stone Mining
28:34 Forging
28:25 Scale Mail Armor
32:16 Wheelbarrow
35:33 Squires
38:13 Heavy Plow
38:21 Pikeman
41:26 Iron Casting
43:21 Hand Cart
51:21 Imperial Age
50:28 Gold Shaft Mining
52:37 Conscription
CAS MBAG
12:03 Loom
Rage of Khorne
5:28 Loom
16:00 Feudal Age
16:55 Double-Bit Axe
17:03 Gold Mining
16:57 Horse Collar
19:08 Stone Mining
21:20 Wheelbarrow
23:50 Castle Age
25:21 Bow Saw
25:52 Stone Shaft Mining
26:01 Hand Cart
29:41 Chatras
31:04 Scale Barding Armor
31:10 Forging
32:40 Bloodlines
32:31 Husbandry
35:47 Ballistics
35:08 Treadmill Crane
36:31 Chain Barding Armor
36:03 Fletching
40:00 Bodkin Arrow
45:51 Imperial Age
43:25 Padded Archer Armor
44:00 Iron Casting
48:19 Elite Battle Elephant
48:24 Elite Rattan Archer
50:40 Chemistry
dambo
5:12 Loom
16:01 Feudal Age
16:35 Double-Bit Axe
16:37 Town Watch
17:28 Wheelbarrow
16:36 Horse Collar
16:48 Man-at-Arms
20:43 Long Swordsman
21:00 Pikeman
29:34 Castle Age
29:02 Forging
31:15 Fletching
33:00 Murder Holes
36:42 Bow Saw
Gitu
12:43 Feudal Age
14:44 Double-Bit Axe
20:19 Horse Collar
21:40 Wheelbarrow
25:29 Gold Mining
32:30 Castle Age
33:43 Forging
35:12 Iron Casting
37:15 Husbandry
39:54 Hand Cart
41:10 Bloodlines
44:34 Fervor
52:09 Scale Barding Armor
Cuervo
4:45 Loom
14:01 Feudal Age
17:30 Double-Bit Axe
18:14 Fletching
24:29 Padded Archer Armor
39:46 Horse Collar
44:16 Castle Age
47:51 Wheelbarrow
53:13 Imperial Age
51:29 Hand Cart
VikhyatArg
11:06 Loom
13:14 Feudal Age
11:34 Loom
13:20 Feudal Age
18:13 Castle Age
18:04 Double-Bit Axe
20:01 Bow Saw
22:05 Fervor
22:20 Horse Collar
24:33 Sanctity
25:08 Fletching
25:23 Gold Mining
26:02 Heavy Plow
26:43 Scale Barding Armor
28:20 Bloodlines
35:10 Imperial Age
33:20 Wheelbarrow
33:46 Redemption
37:20 Conscription
37:44 Elite Leitis
38:45 Husbandry
39:09 Chain Barding Armor
39:01 Forging
38:53 Cavalier
40:27 Ballistics
41:01 Hill Forts
42:20 Plate Barding Armor
42:21 Iron Casting
44:16 Paladin
46:45 Masonry
46:31 Murder Holes
48:59 Chemistry
VZ | Thyrfing
13:59 Loom
16:07 Feudal Age
20:50 Castle Age
25:18 Imperial Age
23:48 Crossbowman
24:41 Fletching
24:53 Padded Archer Armor
31:59 Leather Archer Armor
31:40 Bodkin Arrow
35:03 Wheelbarrow
34:30 Double-Bit Axe
34:36 Gold Mining
34:37 Stone Mining
34:28 Horse Collar
36:48 Heavy Plow
36:53 Bracer
38:25 Pikeman
42:52 Forging
42:42 Scale Mail Armor
44:23 Conscription
43:47 Elite Guecha Warrior
44:44 Arbalester
45:32 Thumb Ring
46:50 Iron Casting
46:30 Chain Mail Armor
47:17 Ballistics
47:58 Chemistry
49:18 Bow Saw
49:46 Crop Rotation
49:52 Gold Shaft Mining
49:52 Stone Shaft Mining
50:40 Herbalism
52:53 Two-Man Saw
52:46 Chain Mail Armor
Connection lost

Rejoining the realm…

Still unreachable

The connection could not be restored.

Session expired

The server has moved on; the page needs a fresh start.